 Dungeon Crawl Stone Soup version 0.25-a0-410-g53dbb631d1 (webtiles) character file.

Game seed: 11604901872981859003, levelgen mode: deterministic

287 Essalna the Magician (level 6, -1/44 HPs)
             Began as a Gnoll Wizard on Jan 13, 2020.
             Slain by a frilled lizard (2 damage)
             ... on level 3 of the Dungeon.
             The game lasted 00:08:00 (3166 turns).

Essalna the Magician (Gnoll Wizard)                 Turns: 3166, Time: 00:08:01

Health: -1/44      AC:  8    Str:  6 (9)  XL:     6   Next: 30%
Magic:  7/16       EV: 11    Int: 27 (28) God:
Gold:   162        SH:  0    Dex: 11 (13) Spells: 18/19 levels left

rFire    . . .     SeeInvis .   h - +0 spear (freeze)
rCold    . . .     Gourm    .   (no shield)
rNeg     . . .     Faith    .   p - +0 ring mail
rPois    .         Spirit   .   t - +0 helmet
rElec    .         Reflect  .   (no cloak)
rCorr    .         Harm     .   (no gloves)
MR       .....                  c - +0 pair of boots
Stlth    ++........             (no amulet)
HPRegen  0.14/turn              l - +1 ring of protection
MPRegen  0.15/turn              (no ring)

@: brilliant, slowed, very slow
A: distributed training, fangs 1, strong nose
a: no special abilities


You were on level 3 of the Dungeon.
You were hungry.

You visited 1 branch of the dungeon, and saw 3 of its levels.

You collected 162 gold pieces.

Inventory:

Hand Weapons
 e - a +0 short sword
 h - a +0 spear of freezing (weapon)
Armour
 a - a +0 robe
 b - a +0 hat
 c - a +0 pair of boots (worn)
 p - a +0 ring mail (worn)
 t - a +0 helmet (worn)
Jewellery
 l - a +1 ring of protection (left hand)
Scrolls
 g - 2 scrolls of magic mapping {unknown}
 i - a scroll of blinking {unknown}
 j - 3 scrolls of amnesia {unknown}
 k - a scroll of teleportation {unknown}
 m - a scroll of immolation {unknown}
 n - a scroll of random uselessness {unknown}
 o - 2 scrolls of identify {unknown}
 q - 3 scrolls of remove curse {unknown}
Comestibles
 d - 4 rations
 u - 3 chunks of flesh


   Skills:
 + Level 1.8 Fighting
 + Level 1.8 Short Blades
 + Level 1.8 Long Blades
 + Level 1.8 Axes
 + Level 1.8 Maces & Flails
 + Level 1.8 Polearms
 + Level 1.8 Staves
 + Level 1.8 Slings
 + Level 1.8 Bows
 + Level 1.8 Crossbows
 + Level 1.8 Throwing
 + Level 1.8 Armour
 + Level 4.9 Dodging
 + Level 4.5 Stealth
 + Level 1.8 Shields
 + Level 1.8 Unarmed Combat
 + Level 7.4 Spellcasting
 + Level 2.6 Conjurations
 + Level 1.4 Hexes
 + Level 1.4 Charms
 + Level 2.6 Summonings
 + Level 1.4 Necromancy
 + Level 2.6 Translocations
 + Level 1.4 Transmutations
 + Level 1.4 Fire Magic
 + Level 1.4 Ice Magic
 + Level 1.4 Air Magic
 + Level 1.4 Earth Magic
 + Level 1.4 Poison Magic
 + Level 2.0 Invocations
 + Level 1.8 Evocations


You had 18 spell levels left.
You knew the following spells:

 Your Spells              Type           Power        Failure   Level  Hunger
a - Magic Dart            Conj           ####         1%          1    None

Your spell library contained the following spells:

 Spells                   Type           Power        Failure   Level  Hunger
 Blink                    Tloc           N/A          1%          2    None
 Call Imp                 Summ           #####...     1%          2    None
 Slow                     Hex            ####....     2%          2    None
 Conjure Flame            Conj/Fire      #####...     3%          3    None
 Mephitic Cloud           Conj/Pois/Air  #####...     3%          3    None


Dungeon Overview and Level Annotations

Branches:
Dungeon (3/15)

Altars:
Elyvilon
Gozag
Trog
Vehumet

Annotations:
D:3 1 transporter


Innate Abilities, Weirdness & Mutations

Your experience applies equally to all skills.
You have very sharp teeth.
Your uncanny sense of smell can sniff out nearby items.


Message History

The frilled lizard bites you but does no damage.
The orc wizard casts a spell.
The orc wizard blinks!
The orc wizard casts a spell at you. The magic dart hits you.
* * * LOW HITPOINT WARNING * * *
The orc wizard casts a spell.
The orc wizard blinks!
You feel a little less agile now.
The orc wizard gestures at you while chanting.
You feel yourself slow down.
The orc wizard mumbles some strange words.
The orc wizard blinks!
The orc wizard points at you and mumbles some strange words.
The magic dart hits you.
* * * LOW HITPOINT WARNING * * *
There is a stone staircase leading up here.
The orc wizard gestures wildly while chanting.
The orc wizard blinks!
The frilled lizard bites you.
You die...

##...<.).....### #........
#######..)....o..## ####........
#.......#.........###.....#.####
#.......##..#).....##.#.....#
#........##.....#.......#####
#........####.........###
#.......<....#..§..o..###
#.......####......###...####
##########.....@l.# #§.....# ###
####.###....####l###.##...
#.............##...#....##
#.##............##.....##8
##..(.#.#.###.....##o...#r.
######...###.#.###........##.#.#
#....#.### #.#...####.....##.#..
#...)#.# #.###..# ##..#.##.#©.
#......# #.# ##.###....o##.#..


You could see an orc wizard, an orc and a frilled lizard.

Vanquished Creatures
  Sigmund (D:2)
  An orc priest (D:3)
  3 adders (D:2)
  An ooze (D:3)
  2 worms
  2 dart slugs (D:1)
  2 leopard geckos
  4 orcs (D:3)
  4 giant cockroaches
  8 goblins
  4 hobgoblins
  5 jackals
  14 kobolds
  A quokka (D:2)
  A ball python (D:2)
  4 bats
  2 frilled lizards (D:2)
  9 rats
68 creatures vanquished.

Vanquished Creatures (others)
  A jackal (D:3)
  A quokka (D:3)
2 creatures vanquished.

Grand Total: 70 creatures vanquished

Notes
Turn   | Place    | Note
-------+----------+-------------------------------------------
     0 | D:1      | Essalna the Gnoll Wizard began the quest for the Orb.
     0 | D:1      | Reached XP level 1. HP: 13/13 MP: 8/8
   172 | D:1      | Reached XP level 2. HP: 15/19 MP: 10/10
   439 | D:1      | Reached XP level 3. HP: 6/25 MP: 11/11
  1079 | D:2      | Reached skill level 1 in Invocations
  1294 | D:2      | Reached skill level 1 in Fighting
  1294 | D:2      | Reached skill level 1 in Short Blades
  1294 | D:2      | Reached skill level 1 in Long Blades
  1294 | D:2      | Reached skill level 1 in Axes
  1294 | D:2      | Reached skill level 1 in Maces & Flails
  1294 | D:2      | Reached skill level 1 in Polearms
  1294 | D:2      | Reached skill level 1 in Staves
  1294 | D:2      | Reached skill level 1 in Slings
  1294 | D:2      | Reached skill level 1 in Bows
  1294 | D:2      | Reached skill level 1 in Crossbows
  1294 | D:2      | Reached skill level 1 in Throwing
  1294 | D:2      | Reached skill level 1 in Armour
  1294 | D:2      | Reached skill level 1 in Shields
  1294 | D:2      | Reached skill level 1 in Unarmed Combat
  1294 | D:2      | Reached skill level 1 in Evocations
  1295 | D:2      | Reached XP level 4. HP: 14/32 MP: 7/13
  1323 | D:2      | HP: 1/32 [poisoned by an adder]
  1661 | D:2      | Noticed Sigmund
  1682 | D:2      | Killed Sigmund
  1682 | D:2      | Reached skill level 1 in Hexes
  1682 | D:2      | Reached skill level 1 in Charms
  1682 | D:2      | Reached skill level 1 in Necromancy
  1682 | D:2      | Reached skill level 1 in Transmutations
  1682 | D:2      | Reached skill level 1 in Fire Magic
  1682 | D:2      | Reached skill level 1 in Ice Magic
  1682 | D:2      | Reached skill level 1 in Air Magic
  1682 | D:2      | Reached skill level 1 in Earth Magic
  1682 | D:2      | Reached skill level 1 in Poison Magic
  1682 | D:2      | Reached XP level 5. HP: 35/38 MP: 0/14
  2237 | D:2      | Reached XP level 6. HP: 44/44 MP: 16/16
  2493 | D:2      | Found an opulent altar of Gozag.
  3057 | D:3      | Found a white marble altar of Elyvilon.
  3140 | D:3      | Found a radiant altar of Vehumet.
  3140 | D:3      | Found a bloodstained altar of Trog.
  3143 | D:3      | Found a transporter.
  3165 | D:3      | HP: 1/44 [orc wizard/magic dart (5)]
  3166 | D:3      | Slain by a frilled lizard

Levels and vault maps discovered:
D:1:      lightli_arrival_flooded_house, layout_loops_ring
D:2:      layout_basic, lemuel_doored_altar, kennysheep_generic_room_11,
          uniq_sigmund
D:3:      layout_rooms, elyvilon_altar_4, lemuel_blue_sif_altar,
          gammafunk_temple_overflow_arena, serial_bayou, serial_bayou_shore_b,
          serial_bayou_pond_a, serial_bayou_shore_a, serial_bayou_pond_e,
          guppyfry_early_lair_pool

Skill      XL: |  1  2  3  4  5  6 |
---------------+-------------------+-----
Conjurations   | 2 |  2.6
Summonings     | 2 |  2.6
Translocations | 2 |  2.6
Invocations    | 1 2 |  2.0
Fighting       | 1 |  1.8
Short Blades   | 1 |  1.8
Long Blades    | 1 |  1.8
Axes           | 1 |  1.8
Maces & Flails | 1 |  1.8
Polearms       | 1 |  1.8
Staves         | 1 |  1.8
Slings         | 1 |  1.8
Bows           | 1 |  1.8
Crossbows      | 1 |  1.8
Throwing       | 1 |  1.8
Armour         | 1 |  1.8
Shields        | 1 |  1.8
Unarmed Combat | 1 |  1.8
Evocations     | 1 |  1.8
Hexes          | 1 |  1.4
Charms         | 1 |  1.4
Necromancy     | 1 |  1.4
Transmutations | 1 |  1.4
Fire Magic     | 1 |  1.4
Ice Magic      | 1 |  1.4
Air Magic      | 1 |  1.4
Earth Magic    | 1 |  1.4
Poison Magic   | 1 |  1.4
Dodging        | |  4.9
Stealth        | |  4.5
Spellcasting   | |  7.4

Action                   |  1- 3 |  4- 6 || total
-------------------------+-------+-------++-------
Melee: Short sword       |    29 |       ||    29
       Bite              |     4 |     4 ||     8
       Spear             |    39 |    71 ||   110
 Cast: Magic Dart        |    48 |    72 ||   120
  Use: Potion            |       |     5 ||     5
 Stab: Sleeping          |     1 |     6 ||     7
  Eat: Ration            |       |     1 ||     1
       Chunk             |       |     3 ||     3
Armor: Robe              |    13 |     1 ||    14
       Ring mail         |       |    28 ||    28
Dodge: Dodged            |    56 |    49 ||   105

Table legend:
 A = Non-vault XP
 B = Vault XP
 C = Vault XP percentage of total XP
 D = Non-vault monster count
 E = Vault monster count
 F = Vault count percentage of total count
                 A         B        C        D         E       F
            +---------+---------+-------+---------+---------+-------
      Total |     200 |     210 |  51.2 |      65 |       3 |   4.4
            +---------+---------+-------+---------+---------+-------
        D:1 |      54 |       0 |   0.0 |      31 |       0 |   0.0
        D:2 |      65 |     210 |  76.4 |      18 |       3 |  14.3
        D:3 |      81 |       0 |   0.0 |      16 |       0 |   0.0
            +---------+---------+-------+---------+---------+-------
